 Dungeon Crawl Stone Soup version 0.31-a0-614-gc85dc1c48c (webtiles) character file.

Game seed: 4547719216459966631

17915 AdnanSaban the Basher (level 12, -3/77 HPs)
             Began as a Gargoyle Fighter on Aug 22, 2023.
             Was a High Priest of Okawaru.
             Slain by a skeletal warrior
             ... wielding a +0 war axe
              (14 damage)
             ... on level 11 of the Dungeon.
             The game lasted 00:17:32 (12579 turns).

AdnanSaban the Basher (Gargoyle Fighter)           Turns: 12579, Time: 00:17:33

Health: -3/77      AC: 30    Str: 26    XL:     12   Next: 53%
Magic:  14/14      EV: 13    Int: 14    God:    Okawaru [*****.]
Gold:   661        SH:  7    Dex:  9    Spells: 11/11 levels left

rFire   . . .        y - +1 flail (drain)
rCold   . . .        c - +0 buckler
rNeg    + . .        H - +4 scale mail of Entitlement {Regen+ Str+3}
rPois   ∞            (no helmet)
rElec   +            u - +1 cloak
rCorr   .            N - +1 pair of gloves of the Eternal Fruit {Int+3}
SInv    .            e - +0 pair of boots
Will    +....        (no amulet)
Stlth   ++           f - ring of willpower
HPRegen 1.12/turn    h - ring of flight
MPRegen 0.14/turn

%: no passive effects
@: heroic, flying
A: sickness immunity, AC +8, negative energy resistance 1, electricity
resistance, torment resistance 1, petrification resistance
a: Renounce Religion, Heroism, Finesse, Duel


You were on level 11 of the Dungeon.
You worshipped Okawaru.
Okawaru was extremely pleased with you.
You visited 1 branch of the dungeon, and saw 13 of its levels.
You also visited: Bailey.

You collected 661 gold pieces.

Inventory:

Hand Weapons
 y - a +1 flail of draining (weapon)
Missiles
 j - 11 poisoned darts (quivered)
 p - 5 boomerangs
 D - 2 atropa-tipped darts
 G - a curare-tipped dart
Armour
 a - a +0 plate armour of cold resistance
 c - a +0 buckler (worn)
 e - a +0 pair of boots (worn)
 u - a +1 cloak (worn)
 H - the +4 scale mail of Entitlement (worn) {Regen+ Str+3}
   (Okawaru gifted it to you on level 9 of the Dungeon)

   Str+3:     It affects your strength (+3).
   Regen+:    It increases your rate of health regeneration.
 N - the +1 pair of gloves of the Eternal Fruit (worn) {Int+3}
   (Okawaru gifted it to you on level 11 of the Dungeon)

   Int+3:     It affects your intelligence (+3).
Jewellery
 f - a ring of willpower (left hand)
 h - a ring of flight (right hand)
 x - a ring of resist corrosion
 F - a +6 ring of strength
Scrolls
 k - 3 scrolls of brand weapon {unknown}
 l - 6 scrolls of identify {unknown}
 n - a scroll of butterflies {unknown}
 o - 2 scrolls of poison {unknown}
 t - a scroll of blinking {unknown}
 v - a scroll of fear {unknown}
 w - 2 scrolls of fog {unknown}
 A - 2 scrolls of teleportation {unknown}
 C - 2 scrolls of enchant weapon {unknown}
 E - a scroll of amnesia {unknown}
 J - a scroll of revelation {unknown}
 K - a scroll of vulnerability {unknown}
Potions
 b - 5 potions of curing {unknown}
 d - 3 potions of might
 g - 2 potions of heal wounds {unknown}
 i - 3 potions of resistance {unknown}
 m - a potion of attraction {unknown}
 q - a potion of lignification {unknown}
 r - 2 potions of mutation {unknown}
 s - 2 potions of enlightenment {unknown}
 z - a potion of brilliance {unknown}
 I - a potion of cancellation {unknown}
 M - a potion of haste {unknown}


   Skills:
 + Level 9.8(14.8) Fighting
 + Level 12.7(17.7) Maces & Flails
 + Level 3.1(8.1) Throwing
 + Level 10.4(15.4) Armour
 + Level 4.0(9.0) Dodging
 + Level 1.9(6.9) Stealth
 + Level 8.9(13.9) Shields
 * Level 2.8 Invocations


You had 11 spell levels left.
You didn't know any spells.
Your spell library contained the following spells:

 Spells                   Type           Power      Damage    Failure   Level
 Poisonous Vapours        Pois/Air       0%         N/A       63%         2
 Mephitic Cloud           Conj/Pois/Air  0%         N/A       86%         3
 Portal Projectile        Hex/Tloc       0%         N/A       86%         3
 Leda's Liquefaction      Hex/Erth       0%         N/A       99%         4
 Freezing Cloud           Conj/Ice/Air   0%         6-21      100%        5
 Call Canine Familiar     Summ           Unusable   N/A       N/A         3

Dungeon Overview and Level Annotations

Branches:
Dungeon (13/15)            Temple (0/1) D:7            Lair (0/5) D:10
    Orc (0/2) D:9          Bailey (visited)
 Vaults: D:13-14

Altars:
Ashenzari
Dithmenos
Elyvilon
Kikubaaqudgha
Makhleb
Okawaru
Qazlal
Trog
The Shining One

Shops:
D:8 (   D:10 *


Innate Abilities, Weirdness & Mutations

You are immune to sickness and miasma.
Your stone body is resilient. (AC +8)
You are immune to poison.
You resist negative energy. (rN+)
You are resistant to electric shocks. (rElec)
You are resistant to unholy torment.
You are immune to petrification.


Message History

You hit the skeletal warrior but do no damage.
The skeletal warrior is heavily damaged.
You block the skeletal warrior's attack.
You hit the skeletal warrior but do no damage.
The skeletal warrior is heavily damaged.
You hit the skeletal warrior but do no damage.
The skeletal warrior is heavily damaged.
You block the skeletal warrior's attack.
You hit the skeletal warrior but do no damage.
The skeletal warrior is heavily damaged.
The skeletal warrior hits you but does no damage.
You hit the skeletal warrior but do no damage.
The skeletal warrior is heavily damaged.
The skeletal warrior hits you with a +0 war axe.
* * * LOW HITPOINT WARNING * * *
You completely miss the skeletal warrior.
The skeletal warrior is heavily damaged.
You hit the skeletal warrior but do no damage.
The skeletal warrior is heavily damaged.
The skeletal warrior hits you but does no damage.
You sock the skeletal warrior!
The skeletal warrior is severely damaged.
The skeletal warrior barely misses you.
You barely miss the skeletal warrior.
The skeletal warrior is severely damaged.
You closely miss the skeletal warrior.
The skeletal warrior is severely damaged.
The skeletal warrior closely misses you.
You hit the skeletal warrior.
The skeletal warrior is severely damaged.
The skeletal warrior hits you but does no damage.
You sock the skeletal warrior!
The skeletal warrior is almost destroyed.
You block the skeletal warrior's attack.
You sock the skeletal warrior!
The skeletal warrior is almost destroyed.
You closely miss the skeletal warrior.
The skeletal warrior is almost destroyed.
The skeletal warrior hits you with a +0 war axe!
You die...

.........#........#.....#.....#
.........#........#.....#.....#
#........#........#..[..#.....#
#........#........#.....#.....#
#........#........#<^...#.....#
#........#........#.....#.....#
#........#........#.....#.....#
#############..)..#.....#.....#
.#....#.........@.#...........#
.#....#........z..#...........#
.#....#...........#Y..........#
.'....#...........#...........#
.#....#...........#...........#
.#....#...........#...........#
.#....#...........#...........#
################..#..#####....#
#....#.........#..............#


You could see a skeletal warrior.

Vanquished Creatures
  Snorg (D:11)
  Fannar (D:11)
  A boulder beetle (D:12)
  5 two-headed ogres
  An orc knight (Bailey)
  3 cyclopes (D:11)
  5 centaur zombies (D:10)
  2 unseen horror zombies (D:10)
  Psyche (D:9)
  2 trolls
  A hornet (D:9)
  2 wyverns
  3 shadows
  4 wraiths
  5 humans (D:8)
  7 yaks
  2 vampire mosquitoes (D:11)
  A steam dragon (D:9)
  An acid dragon (D:9)
  2 water moccasins (D:5)
  2 sky beasts
  10 orc warriors
  An ice beast (D:8)
  4 ogres
  3 wolves (D:10)
  A centaur (D:7)
  A phantom (D:4)
  4 bullfrogs
  2 gnoll sergeants
  2 kobold brigands (D:9)
  Blork the orc (D:6)
  A scorpion (D:7)
  2 necrophages (D:10)
  9 wights
  15 killer bees
  2 electric eels (D:10)
  6 howler monkeys
  9 hounds
  A jelly (D:4)
  A gnoll bouda (D:5)
  A human zombie (D:10)
  6 orc priests
  A sleepcap (D:5)
  9 iguanas
  8 orc wizards
  2 mummies (D:10)
  7 adders
  15 gnolls
  2 white imps
  An ufetubus (D:4)
  3 worms
  3 dart slugs
  47 orcs
  6 ball pythons
  6 endoplasms
  4 giant cockroaches
  20 goblins
  7 hobgoblins
  6 jackals (D:1)
  3 quokkas
  2 bats
  4 frilled lizards
  12 kobolds
  7 rats
309 creatures vanquished.

Vanquished Creatures (others)
  A quokka (D:4)
1 creature vanquished.

Grand Total: 310 creatures vanquished

Notes
Turn   | Place    | Note
-------+----------+-------------------------------------------
     0 | D:1      | AdnanSaban the Gargoyle Fighter began the quest for the
                  | Orb.
     0 | D:1      | Reached XP level 1. HP: 14/14 MP: 1/1
    55 | D:1      | Reached XP level 2. HP: 12/19 MP: 2/2
   360 | D:1      | Reached XP level 3. HP: 24/24 MP: 3/3
   398 | D:1      | Found a faded altar of an unknown god.
   842 | D:2      | Reached XP level 4. HP: 24/29 MP: 4/4
   887 | D:2      | Reached skill level 3 in Maces & Flails
  1116 | D:2      | Reached XP level 5. HP: 18/33 MP: 5/5
  1577 | D:3      | Found a stormy altar of Qazlal.
  1647 | D:3      | Noticed an ogre
  1656 | D:3      | Killed an ogre
  1657 | D:3      | Reached skill level 4 in Maces & Flails
  1657 | D:3      | Reached XP level 6. HP: 7/38 MP: 6/6
  1665 | D:3      | HP: 1/38 [worm (7)]
  1671 | D:3      | Reached skill level 1 in Dodging
  2129 | D:3      | Found a broken altar of Ashenzari.
  2281 | D:4      | Found a white marble altar of Elyvilon.
  2595 | D:4      | Found a glowing golden altar of the Shining One.
  3085 | D:4      | Reached skill level 5 in Maces & Flails
  3085 | D:4      | Reached XP level 7. HP: 44/44 MP: 7/7
  3347 | D:5      | Entered Level 5 of the Dungeon
  3513 | D:5      | Reached skill level 5 in Armour
  3634 | D:5      | Reached skill level 5 in Fighting
  3946 | D:5      | Reached skill level 6 in Maces & Flails
  3946 | D:5      | Reached XP level 8. HP: 27/49 MP: 8/8
  4232 | D:5      | Reached skill level 1 in Stealth
  4376 | D:5      | Reached skill level 5 in Shields
  5054 | D:6      | Noticed Blork the orc
  5064 | D:5      | Reached skill level 7 in Maces & Flails
  5264 | D:6      | Killed Blork the orc
  5552 | D:6      | Found an iron altar of Okawaru.
  5725 | D:6      | Became a worshipper of Warmaster Okawaru
  5835 | D:7      | Found a staircase to the Ecumenical Temple.
  5859 | D:7      | Reached XP level 9. HP: 55/55 MP: 9/9
  6001 | D:7      | Found a flagged portal.
  6011 | D:7      | Reached skill level 8 in Maces & Flails
  6030 | Bailey   | Entered a bailey
  6175 | Bailey   | Reached * piety under Okawaru
  6399 | Bailey   | Noticed an orc knight
  7088 | Bailey   | Killed an orc knight
  7089 | Bailey   | Reached skill level 1 in Throwing
  7273 | D:7      | Reached ** piety under Okawaru
  7283 | D:7      | Reached skill level 9 in Maces & Flails
  7283 | D:7      | Reached XP level 10. HP: 58/61 MP: 10/10
  7831 | D:7      | Reached *** piety under Okawaru
  8123 | D:8      | Noticed a two-headed ogre
  8134 | D:8      | Killed a two-headed ogre
  8135 | D:8      | Reached skill level 10 in Maces & Flails
  8331 | D:8      | Found Ynkamoarr's Weapon Shop.
  8418 | D:8      | Reached **** piety under Okawaru
  8823 | D:8      | Found a shadowy altar of Dithmenos.
  8904 | D:8      | Reached XP level 11. HP: 65/67 MP: 11/11
  8933 | D:8      | Received a gift from Okawaru
  9464 | D:9      | Found a staircase to the Orcish Mines.
  9532 | D:9      | Reached skill level 11 in Maces & Flails
  9601 | D:9      | Reached ***** piety under Okawaru
  9698 | D:9      | Found a bloodstained altar of Trog.
  9738 | D:9      | Noticed a two-headed ogre
  9766 | D:9      | Killed a two-headed ogre
  9766 | D:9      | Identified the +4 scale mail of Entitlement {Regen+ Str+3}
                  | (Okawaru gifted it to you on level 9 of the Dungeon)
  9766 | D:9      | Received a gift from Okawaru
 10082 | D:10     | Entered Level 10 of the Dungeon
 10082 | D:10     | Noticed Psyche
 10100 | D:9      | Killed Psyche
 10395 | D:10     | Found an ancient bone altar of Kikubaaqudgha.
 10433 | D:10     | Found a burning altar of Makhleb.
 10495 | D:10     | Found a staircase to the Lair.
 10634 | D:10     | Reached skill level 12 in Maces & Flails
 10763 | D:10     | Found Wyimep's CLEARANCE SALE!.
 11208 | D:11     | Noticed a boulder beetle
 11215 | D:11     | Noticed a two-headed ogre
 11269 | D:13     | Noticed an eight-headed hydra
 11339 | D:12     | Killed a boulder beetle
 11340 | D:12     | Reached skill level 10 in Armour
 11369 | D:12     | Noticed a skeletal warrior
 11369 | D:12     | Noticed a skeletal warrior
 11395 | D:11     | Killed a two-headed ogre
 11396 | D:11     | Reached XP level 12. HP: 63/76 MP: 12/12
 11541 | D:11     | Noticed Fannar
 11734 | D:11     | Noticed Snorg
 11751 | D:11     | Killed Snorg
 11752 | D:11     | Reached skill level 1 in Invocations
 11843 | D:11     | Noticed a two-headed ogre
 11854 | D:11     | Killed a two-headed ogre
 11854 | D:11     | Identified the +1 pair of gloves of the Eternal Fruit
                  | {Int+3} (Okawaru gifted it to you on level 11 of the
                  | Dungeon)
 11854 | D:11     | Received a gift from Okawaru
 12202 | D:11     | Killed Fannar
 12452 | D:11     | Noticed a two-headed ogre
 12460 | D:11     | Killed a two-headed ogre
 12579 | D:11     | Slain by a skeletal warrior

Illustrated notes

Levels and vault maps discovered:
D:1:      sevenhm_arrival_forest_fort_small_4, layout_loops_cross,
          hellmonk_ecumenical_altar_zigzags, minmay_door_square,
          minmay_tetromino_i2
D:2:      layout_basic
D:3:      layout_rooms, mainiacjoe_overflow_tiny_flanked, amcnicky_altar_gilded,
          nicolae_concentric_dashed_squares_wild, minmay_checkerbox
D:4:      layout_layer_cave, mainiacjoe_overflow_surrounded_room,
          elyvilon_altar_4, dreamdust_mushroom_princess, minmay_ogre_servants
D:5:      layout_basic
D:6:      layout_rooms, okawaru_ov_weapons_minmay, uniq_blork_the_orc
D:7:      layout_basic, minmay_temple_entry_water_ring, enter_bailey_7
D:8:      layout_basic, lemuel_doored_altar, serial_shops, shop, minmay_ruffians
D:9:      layout_roguey, lightli_temple_of_fire, kennysheep_small_square
D:10:     layout_gridville, lemuel_mausoleum_altar_kikubaaqudgha,
          bloody_makhleb, erik_lair_island, nicolae_shop_clearance, uniq_psyche
D:11:     layout_grid_maze, uniq_snorg, uniq_fannar
D:12:     layout_irregular_city, uniq_sonja
D:13:     layout_gridville, skrybe_vaults_entry_preservation,
          gauntlet_entry_generic, nemelex_lonely_heart_becter

Skill      XL: |  1  2  3  4  5  6  7  8  9 10 11 12 |
---------------+-------------------------------------+-----
Maces & Flails | 3 4 5 6 7 9 10 12 | 12.7
Fighting       | 4 5 6 7 9 |  9.8
Armour         | 4 5 6 8 9 10 | 10.4
Dodging        | 1 2 3 4 |  4.0
Shields        | 4 5 6 7 8 |  8.9
Stealth        | 1 |  1.9
Throwing       | 1 2 3 |  3.1
Invocations    | 2 |  2.8

Action                     |  1- 3 |  4- 6 |  7- 9 | 10-12 || total
---------------------------+-------+-------+-------+-------++-------
  Melee: Flail             |    88 |   223 |   488 |   845 ||  1644
  Throw: Boomerang         |       |       |     9 |       ||     9
         Dart              |       |       |     8 |    34 ||    42
 Invoke: Heroism           |       |       |     1 |     3 ||     4
 Armour: Scale mail        |    61 |    30 |       |   293 ||   384
         Chain mail        |       |    90 |    58 |       ||   148
         Plate armour      |       |       |   385 |   260 ||   645
         Skin              |       |       |       |     5 ||     5
  Dodge: Dodged            |    51 |    72 |   220 |   325 ||   668
  Block: Buckler           |    18 |    39 |   130 |   242 ||   429

Table legend: (Time is in decaauts)
 A = Elapsed time spent in this place.
 B = Non-inter-level travel time spent in this place.
 C = Inter-level travel time spent in this place.
 D = Time resting spent in this place.
 E = Time spent auto-exploring this place.
 F = Levels seen in this place.
 G = Mean time per level.
                   A        B        C        D        E       F      G
               +--------+--------+--------+--------+--------+-----+--------+
         Total |  12628 |  12166 |    462 |    607 |   8073 |  14 |  902.0 |
       Dungeon |  11416 |  10954 |    462 |    237 |   7841 |  13 |  878.2 |
        Bailey |   1212 |   1212 |      0 |    370 |    232 |   1 | 1212.0 |
               +--------+--------+--------+--------+--------+-----+--------+

Top non-repeatable levels by time:
     D:5: 1893 daAuts
  Bailey: 1212 daAuts
    D:11: 1178 daAuts
     D:4: 1111 daAuts
     D:8: 1061 daAuts
    D:10: 1053 daAuts
     D:9: 1024 daAuts
     D:7: 921 daAuts
     D:1: 834 daAuts
     D:2: 796 daAuts
     D:3: 695 daAuts
     D:6: 690 daAuts
    D:12: 94 daAuts
    D:13: 59 daAuts
